 Dungeon Crawl Stone Soup version 0.17.1-1-g73c8601 (webtiles) character file.

3198 DeXoteric the Grappler (level 9, -2/80 HPs)
             Began as a Troll Monk on Dec 11, 2015.
             Was a Priest of Makhleb.
             Slain by a giant frog (4 damage)
             ... on level 7 of the Dungeon.
             The game lasted 00:15:04 (5987 turns).

DeXoteric the Grappler (Troll Monk)                 Turns: 5987, Time: 00:15:04

Health: -2/80      AC:  5    Str: 27    XL:     9   Next: 64%
Magic:  13/13      EV: 10    Int:  6    God:    Makhleb [***...]
Gold:   409        SH:  0    Dex: 13    Spells: 0 memorised, 8 levels left

rFire  . . .     SeeInvis .       - Unarmed
rCold  . . .     Clarity  .     a - +0 robe
rNeg   . . .     SustAt   .     (no shield)
rPois  .         Gourm    +     (helmet restricted)
rElec  .         Spirit   .     (no cloak)
rCorr  .         Warding  .     (gloves unavailable)
rMut   .         Stasis   .     (boots unavailable)
MR     .....                    (no amulet)
Stlth  ..........               u - +4 ring of strength
                                l - ring of loudness (curse)

@: not resistant to hostile enchantments, extremely unstealthy
A: unfitting armour, claws 3, fast metabolism 3, gourmand, regeneration 2,
shaggy fur 1, tough skin 2
a: Minor Destruction, Lesser Servant of Makhleb, Renounce Religion


You were on level 7 of the Dungeon.
You worshipped Makhleb.
Makhleb was most pleased with you.
You were completely stuffed.

You visited 2 branches of the dungeon, and saw 8 of its levels.

You collected 409 gold pieces.

Inventory:

Armour
 a - a +0 robe (worn)
Jewellery
 l - a cursed ring of loudness (left claw)
 u - a +4 ring of strength (right claw)
 y - an uncursed ring of invisibility {unknown}
Wands
 w - a wand of draining (7)
 D - a wand of cold (3)
Scrolls
 d - 3 scrolls of fog
 f - a scroll of fear {unknown}
 i - a scroll of random uselessness {unknown}
 k - a scroll of identify
 m - 2 scrolls of teleportation {unknown}
 n - 3 scrolls of noise {unknown}
 o - 4 scrolls of remove curse {unknown}
 p - a scroll of recharging {unknown}
 t - a scroll of immolation {unknown}
 A - a scroll of magic mapping {unknown}
 B - 2 scrolls of amnesia {unknown}
Potions
 e - a potion of brilliance {unknown}
 h - a potion of invisibility {unknown}
 j - 2 potions of curing {unknown}
 q - a potion of might {unknown}
 r - a potion of haste
 v - a potion of berserk rage
 x - a potion of agility {unknown}
 z - a potion of heal wounds {unknown}
 E - a potion of flight {unknown}
Books
 c - a book of Party Tricks

   Spells                             Type                      Level
   a - Summon Butterflies             Summoning                    1
   b - Apportation                    Translocation                1
   c - Tukima's Dance                 Hexes                        3
   d - Alistair's Intoxication        Transmutation/Poison         4
   e - Invisibility                   Hexes                        6
Comestibles
 b - 4 bread rations
 g - 2 meat rations
 s - 2 beef jerkies
 C - 2 chunks of flesh


   Skills:
 - Level 2.4 Fighting
 - Level 2.4 Dodging
 - Level 1.1 Stealth
 + Level 11.6 Unarmed Combat
 + Level 7.1 Invocations


You had 8 spell levels left.
You didn't know any spells.

Dungeon Overview and Level Annotations

Branches:
Dungeon (7/15)             Temple (1/1) D:4

Altars:
Ashenzari
Cheibriados
Dithmenos
Elyvilon
Fedhas
Gozag
Kikubaaqudgha
Makhleb
Nemelex Xobeh
Okawaru
Qazlal
Ru
Sif Muna
Trog
Vehumet
Xom
Yredelemnul
Zin
The Shining One

Annotations:
D:7 Joseph


Innate Abilities, Weirdness & Mutations

You are too large for most types of armour.
You have claws for hands.
Your metabolism is lightning-fast.
You like to eat raw meat.
You heal very quickly.
You are covered in fur (AC +1).
You have very tough skin (AC +2).


Message History

Your ufetubus disappears in a puff of smoke! x2
You hear a shout!
The giant frog hits you.
* * * LOW HITPOINT WARNING * * *
An orc wizard comes into view. It is wielding a dagger.
The orc wizard shouts!
The giant frog hits you but does no damage.
The orc wizard moves out of view.
An ice beast comes into view.
The ice beast moves out of view.
The orc barely misses you. The giant frog hits you.
* * * LOW HITPOINT WARNING * * *
You hear a shout!
Found a stone staircase leading down.
You feel sick.
You are no longer poisoned.
The giant frog hits you.
* * * LOW HITPOINT WARNING * * *
You claw the giant frog! The giant frog hits you.
You die...

## .. ..... .#o# ...
#.###.## ###### ...o.#
#..... #..#### #.....
#@ooF.### #(....
#.###T..# #.....### #.#
###..#.#
#......5###@######(..#
#
#.....#5/.#......#..)#
##
#/....###.ยง........#>#
#. #..... #...(......#
# ##. #.....
#..........# #.. ######
#.......[..# #.. #.
#...p......## #..


You could see Joseph (berserk), a giant frog, an orc priest, an orc wizard and
an orc.

Vanquished Creatures
  Pikel (D:7)
  The ghost of aredel the Covered, a novice GrFi (D:5)
  A human (D:6)
  Edmund (D:5)
  The ghost of subsebi the Skirmisher, an amateur GrCK of Xom (D:4)
  2 sky beasts
  A black bear (D:7)
  2 phantoms (D:5)
  5 ogres
  A giant frog (D:7)
  6 big kobolds
  A water moccasin skeleton (D:7)
  2 scorpions
  2 crimson imps (D:7)
  A hound (D:4)
  A jelly (D:6)
  2 orc wizards (D:4)
  2 giant frog skeletons
  4 worker ants
  A worker ant zombie (D:5)
  5 gnolls
  10 adders
  3 worms
  7 orcs
  A ball python (D:2)
  9 giant cockroaches
  9 goblins
  13 hobgoblins
  44 kobolds
  6 quokkas
  7 bats
  2 giant geckos
  A giant gecko skeleton (D:4)
  A giant gecko zombie (D:5)
  4 giant newts
  A goblin skeleton (D:6)
  11 rats
172 creatures vanquished.

Vanquished Creatures (others)
  A giant cockroach (D:6)
  A goblin (D:3)
  2 jackals (D:6)
4 creatures vanquished.

Grand Total: 176 creatures vanquished

Notes
Turn   | Place    | Note
--------------------------------------------------------------
     0 | D:1      | DeXoteric the Troll Monk began the quest for the Orb.
     0 | D:1      | Reached XP level 1. HP: 22/22 MP: 0/0
   133 | D:1      | Reached XP level 2. HP: 29/29 MP: 1/1
   836 | D:2      | Found a shadowy altar of Dithmenos.
   862 | D:2      | Found a white marble altar of Elyvilon.
   896 | D:2      | Reached skill level 5 in Unarmed Combat
   896 | D:2      | Reached XP level 3. HP: 21/36 MP: 2/2
  1887 | D:3      | Reached XP level 4. HP: 37/44 MP: 3/3
  2140 | D:3      | Reached skill level 6 in Unarmed Combat
  2308 | D:3      | Noticed a big kobold
  2321 | D:3      | Killed a big kobold
  2321 | D:3      | Reached XP level 5. HP: 40/50 MP: 4/4
  2371 | D:3      | Noticed a big kobold
  2375 | D:3      | Killed a big kobold
  2375 | D:3      | Reached skill level 7 in Unarmed Combat
  2376 | D:3      | Reached XP level 6. HP: 42/59 MP: 5/5
  2412 | D:3      | Noticed a big kobold
  2412 | D:3      | Noticed a big kobold
  2412 | D:3      | Noticed a big kobold
  2417 | D:3      | Killed a big kobold
  2423 | D:3      | Killed a big kobold
  2423 | D:3      | Reached skill level 8 in Unarmed Combat
  2483 | D:2      | Killed a big kobold
  2655 | D:3      | Found a basalt altar of Yredelemnul.
  2655 | D:3      | Found a blossoming altar of Fedhas.
  2895 | D:3      | Noticed a big kobold
  2905 | D:3      | Killed a big kobold
  2905 | D:3      | Reached XP level 7. HP: 46/66 MP: 6/6
  3383 | D:4      | Found a staircase to the Ecumenical Temple.
  3400 | Temple   | Entered the Ecumenical Temple
  3490 | Temple   | Became a worshipper of Makhleb the Destroyer
  3490 | Temple   | Reached * piety under Makhleb
  3490 | Temple   | Reached ** piety under Makhleb
  3530 | D:4      | Reached skill level 9 in Unarmed Combat
  3530 | D:4      | Reached skill level 1 in Invocations
  4046 | D:4      | Noticed subsebi's ghost (amateur GrCK)
  4051 | D:4      | Killed subsebi's ghost
  4059 | D:5      | Entered Level 5 of the Dungeon
  4106 | D:5      | Noticed Edmund
  4117 | D:5      | Killed Edmund
  4117 | D:5      | Reached XP level 8. HP: 63/74 MP: 7/9
  4118 | D:5      | Noticed aredel's ghost (novice GrFi)
  4132 | D:5      | Killed aredel's ghost
  4231 | D:5      | Reached skill level 10 in Unarmed Combat
  4317 | D:5      | Found a stormy altar of Qazlal.
  4996 | D:6      | Reached skill level 5 in Invocations
  5045 | D:6      | Found a runed door.
  5053 | D:6      | Found a basalt altar of Yredelemnul.
  5060 | D:6      | Reached XP level 9. HP: 80/80 MP: 10/12
  5517 | D:6      | Reached *** piety under Makhleb
  5523 | D:6      | Found a radiant altar of Vehumet.
  5615 | D:6      | Reached skill level 11 in Unarmed Combat
  5746 | D:7      | Noticed a moth of wrath
  5749 | D:7      | Found a bloodstained altar of Trog.
  5910 | D:7      | Noticed Pikel
  5921 | D:7      | Killed Pikel
  5965 | D:7      | Noticed Joseph
  5976 | D:7      | HP: 4/80 [Joseph/uncursed quarterstaff of pain (11)]
  5984 | D:7      | HP: 3/80 [giant frog (3)]
  5987 | D:7      | Slain by a giant frog

Action                   |  1- 3 |  4- 6 |  7- 9 || total
-------------------------+-------+-------+-------++-------
Melee: Unarmed           |    90 |   151 |   197 ||   438
Invok: Lesser Servant of |       |       |     1 ||     1
  Use: Scroll            |       |       |     3 ||     3
 Stab: Sleeping          |     5 |       |       ||     5
       Distracted        |     1 |       |     1 ||     2
  Eat: Chunk             |    22 |    10 |    28 ||    60
